 Dungeon Crawl Stone Soup version 0.29-a0-542-g075992c915 (webtiles) character file.

Game seed: 3733189868998734650

98 porpoise the Grave Robber (level 4, -3/33 HPs)
             Began as a Demonspawn Necromancer on June 4, 2022.
             Succumbed to a gnoll's poison
             ... on level 3 of the Dungeon.
             The game lasted 00:12:16 (2132 turns).

porpoise the Grave Robber (Demonspawn Necromancer)  Turns: 2132, Time: 00:12:17

Health: -3/33      AC:  2    Str: 15    XL:     4   Next: 43%
Magic:  1/7        EV: 12    Int: 18    God:
Gold:   152        SH:  0    Dex: 13    Spells: 3/7 levels left

rFire   . . .      SeeInvis .   b - +0 hunting sling
rCold   . . .      Faith    .   (no shield)
rNeg    . . .      Spirit   .   i - +0 robe
rPois   .          Reflect  .   (no helmet)
rElec   .          Harm     .   (no cloak)
rCorr   .          Rampage  .   (no gloves)
Will    .....                   (no boots)
Stlth   ++........              s - amulet of regeneration
HPRegen 0.91/turn               o - +6 ring of strength
MPRegen 0.20/turn               (no ring)

@: lethally poisoned (-3 -> -18)
A: hooves 1, magic regeneration
a: no special abilities


You were on level 3 of the Dungeon.
You visited 1 branch of the dungeon, and saw 3 of its levels.

You collected 152 gold pieces.

Inventory:

Hand Weapons
 a - a +0 spear
 b - a +0 hunting sling (weapon)
 l - a +0 short sword
Missiles
 u - 3 poisoned darts
Armour
 i - a +0 robe (worn)
Jewellery
 o - a +6 ring of strength (left hand)
 s - an amulet of regeneration (around neck)
Wands
 t - a wand of acid (14)
Scrolls
 f - a scroll of teleportation
 h - 3 scrolls of identify {unknown}
 m - a scroll of noise {unknown}
 p - a scroll of poison {unknown}
 r - a scroll of immolation {unknown}
 v - a scroll of magic mapping {unknown}
Potions
 c - a potion of mutation {unknown}
 d - a potion of degeneration {unknown}
 e - 2 potions of curing {unknown}
 g - a potion of cancellation {unknown}
 j - 3 potions of lignification {unknown}
 k - a potion of magic
 n - a potion of attraction {unknown}
 q - a potion of flight {unknown}


   Skills:
 + Level 2.2 Fighting
 - Level 1.7 Dodging
 + Level 3.0 Stealth
 - Level 2.0 Spellcasting
 + Level 5.1 Necromancy


You had 3 spell levels left.
You knew the following spells:

 Your Spells              Type           Power      Damage    Failure   Level
a - Necrotize             Necr           80%        1d8       2%          1
v - Vampiric Draining     Necr           20%        2d7       6%          3

Your spell library contained the following spells:

 Spells                   Type           Power      Damage    Failure   Level
 Apportation              Tloc           2%         N/A       19%         1
 Conjure Flame            Conj/Fire      1%         6-21      47%         3
 Ignite Poison            Fire/Tmut/Pois 1%         N/A       47%         3
 Animate Dead             Necr           20%        N/A       22%         4
 Agony                    Necr           20%        N/A       52%         5
 Sticky Flame             Conj/Fire      1%         2d3       87%         4
 Alistair's Intoxication  Tmut/Pois      0%         N/A       99%         5


Dungeon Overview and Level Annotations

Branches:
Dungeon (3/15)

Altars:


Innate Abilities, Weirdness & Mutations

You have large cloven feet.
You regenerate magic rapidly.


Message History

Press: ? - help, Shift-Dir - straight line, f/p - gnoll
Aim: a gnoll, wielding a +0 whip (almost dead, chance to affect: 84%)
The gnoll barely resists.
Casting: Necrotize (safe; 2% risk of failure)
Confirm with . or Enter, or press ? or * to list all spells.
Aiming: Necrotize (safe; 2% risk of failure)
Press: ? - help, Shift-Dir - straight line, f/p - gnoll
Aim: a gnoll, wielding a +0 whip (almost dead, chance to affect: 84%)
The gnoll barely resists.
The gnoll barely misses you. The gnoll misses you.
The gnoll hits you with a +0 whip.
Casting: Necrotize (safe; 2% risk of failure)
Confirm with . or Enter, or press ? or * to list all spells.
Aiming: Necrotize (safe; 2% risk of failure)
Press: ? - help, Shift-Dir - straight line, f/p - gnoll
Aim: a gnoll, wielding a +0 whip (almost dead, chance to affect: 84%)
The gnoll writhes in agony.
You kill the gnoll!
The dead are walking!
The gnoll closely misses you. The gnoll barely misses you.
Casting: Necrotize (safe; 2% risk of failure)
Confirm with . or Enter, or press ? or * to list all spells.
Aiming: Necrotize (safe; 2% risk of failure)
Press: ? - help, Shift-Dir - straight line, f - gnoll
Aim: a gnoll, wielding a +4 flail and wearing a +0 ring mail (severely wounded, ally target, chance to affect: 84%)
The gnoll writhes in agony.
The gnoll hits you with a +4 flail!
The gnoll hits you from afar with a +2 spear of venom.
You are poisoned.
Casting: Necrotize (safe; 2% risk of failure)
Confirm with . or Enter, or press ? or * to list all spells.
Aiming: Necrotize (safe; 2% risk of failure)
Press: ? - help, Shift-Dir - straight line, f/p - gnoll
Aim: a gnoll, wielding a +4 flail and wearing a +0 ring mail (almost dead, ally target, chance to affect: 84%)
The gnoll writhes in agony.
You kill the gnoll!
The dead are walking!
You feel sick.
The gnoll hits you from afar with a +2 spear of venom!
* * * LOW HITPOINT WARNING * * *
You are more poisoned.
Your Stealth skill increases to level 3!
You die...

######.# .. #.#
#...)..# #.#
#.###....######.# ...
#.#.............#
####'##.#.##....####...
........#.#...#........
..............#.####...
..........#.#.#.#
+#####.@.#.#####
#.....Z)..#..
#####[gZ..####
.....###.# ###.. ..#
#.. ..# .g ..# ... .#
##


You could see a gnoll (ally target) and 2 friendly gnoll skeletons.

Vanquished Creatures
  An adder (D:2)
  3 gnolls (D:3)
  2 worms (D:2)
  A dart slug (D:1)
  2 endoplasms (D:1)
  A giant cockroach (D:1)
  3 goblins
  5 hobgoblins
  8 kobolds
  3 quokkas (D:1)
  5 ball pythons
  4 bats
  A frilled lizard (D:1)
  6 rats
45 creatures vanquished.

Vanquished Creatures (collateral kills)
  An endoplasm (D:1)
  A frilled lizard (D:1)
  A goblin (D:1)
  2 kobolds (D:2)
  A rat (D:2)
6 creatures vanquished.

Grand Total: 51 creatures vanquished

Notes
Turn   | Place    | Note
-------+----------+-------------------------------------------
     0 | D:1      | porpoise the Demonspawn Necromancer began the quest for the
                  | Orb.
     0 | D:1      | Reached XP level 1. HP: 13/13 MP: 3/3
   506 | D:1      | Gained mutation: You have large cloven feet. [demonic
                  | ancestry]
   506 | D:1      | Reached XP level 2. HP: 17/20 MP: 1/5
   697 | D:1      | Reached skill level 1 in Fighting
   822 | D:1      | Found a faded altar of an unknown god.
  1071 | D:1      | Gained mutation: You regenerate magic rapidly. [demonic
                  | ancestry]
  1071 | D:1      | Reached XP level 3. HP: 26/26 MP: 4/6
  1273 | D:2      | Learned a level 3 spell: Vampiric Draining
  1728 | D:2      | Reached skill level 5 in Necromancy
  2084 | D:3      | Reached XP level 4. HP: 33/33 MP: 5/7
  2131 | D:3      | HP: 1/33 [gnoll/+2 spear of venom (10)]
  2132 | D:3      | Succumbed to a gnoll's poison

Illustrated notes

Levels and vault maps discovered:
D:1:      dpeg_arrival_round_c, layout_basic,
          hellmonk_ecumenical_altar_slurped_away, minmay_pentomino_s4
D:2:      kennysheep_big_flooded_room, layout_loops_ring, minmay_cupped
D:3:      layout_basic, serial_shops, shop

Skill      XL: |  1  2  3  4 |
---------------+-------------+-----
Stealth        | 2 3 |  3.0
Fighting       | 1 2 |  2.2
Necromancy     | 5 |  5.1
Dodging        | |  1.7
Spellcasting   | |  2.0

Action                   |  1- 3 |  4- 6 || total
-------------------------+-------+-------++-------
Melee: Unarmed           |    15 |       ||    15
       Short sword       |     6 |       ||     6
       Spear             |    10 |       ||    10
       Kick              |     2 |       ||     2
 Fire: Hunting sling     |    36 |     4 ||    40
 Cast: Necrotize         |    56 |    10 ||    66
  Use: Scroll            |     1 |       ||     1
 Stab: Sleeping          |     1 |       ||     1
Armor: Robe              |     6 |       ||     6
Dodge: Dodged            |    27 |     4 ||    31

Table legend: (Time is in decaauts)
 A = Elapsed time spent in this place.
 B = Non-inter-level travel time spent in this place.
 C = Inter-level travel time spent in this place.
 D = Time resting spent in this place.
 E = Time spent auto-exploring this place.
 F = Levels seen in this place.
 G = Mean time per level.
                   A        B        C        D        E       F      G
               +--------+--------+--------+--------+--------+-----+--------+
         Total |   2151 |   2072 |     79 |    561 |   1155 |   3 |  717.0 |
       Dungeon |   2151 |   2072 |     79 |    561 |   1155 |   3 |  717.0 |
               +--------+--------+--------+--------+--------+-----+--------+

Top non-repeatable levels by time:
     D:1: 1139 daAuts
     D:2: 809 daAuts
     D:3: 201 daAuts
